 Dungeon Crawl Stone Soup version 0.30-a0-965-g42e074c17a (webtiles) character file.

Game seed: 17006549189287341001

4909 ragingrage the Slicer (level 10, -3/69 HPs)
             Began as a Djinni Delver on Mar 30, 2023.
             Was an Initiate of Ashenzari.
             Killed by divine providence
             ... invoked by an orc priest
              (16 damage)
             ... on level 8 of the Dungeon.
             The game lasted 00:12:25 (8207 turns).

ragingrage the Slicer (Djinni Delver)               Turns: 8207, Time: 00:12:25

Health: -3/69      AC:  8    Str: 11    XL:     10   Next: 80%
Gold:   205        EV: 12    Int: 15    God:    Ashenzari [......] SH:  5 Dex: 16

rFire   + + .      SeeInvis .    a - +1 dagger (elec)
rCold   x . .      Faith    .    e - orb {light}
rNeg    . . .      Spirit   .    k - +3 leather armour {Will+}
rPois   ∞          Reflect  +    q - +1 helmet
rElec   .          Rampage  .    (no cloak)
rCorr   .                        (no gloves)
Will    ++...                    (boots unavailable)
Stlth   ++                       A - amulet of reflection
HPRegen 0.31/turn                G - +4 ring of slaying
MPRegen 0.00/turn                (no ring)

@: flying, glowing
A: sickness immunity, fire resistance 2, cold vulnerability 1, float, innate
caster, HP casting, extra vitality 1
a: Renounce Religion


You were on level 8 of the Dungeon.
You worshipped Ashenzari.
Ashenzari was noncommittal.
You visited 2 branches of the dungeon, and saw 9 of its levels.

You collected 377 gold pieces.
You spent 172 gold pieces at shops.

Inventory:

Hand Weapons
 a - a +1 dagger of electrocution (weapon)
 b - a +3 dagger of speed
 o - a +0 falchion
 E - a +2 scimitar of freezing
Missiles
 h - a throwing net
 p - 8 poisoned darts
Armour
 e - an orb of light (worn)
 k - a +3 leather armour of willpower (worn)
 q - a +1 helmet (worn)
Magical Staves
 F - a staff of cold
Jewellery
 A - an amulet of reflection (around neck)
 G - a +4 ring of slaying (left hand)
Wands
 g - a wand of digging (7)
 y - a wand of charming (2)
 C - a wand of flame (10)
Scrolls
 c - a scroll of fog
 j - 4 scrolls of enchant armour
 m - a scroll of teleportation
 n - a scroll of vulnerability {unknown}
 r - 2 scrolls of blinking
 s - 2 scrolls of poison {unknown}
 t - a scroll of amnesia {unknown}
 v - 2 scrolls of noise {unknown}
 w - 3 scrolls of identify
 z - a scroll of magic mapping
Potions
 d - 2 potions of attraction
 f - a potion of haste
 i - 3 potions of curing {unknown}
 l - a potion of cancellation {unknown}
 u - a potion of lignification
 x - 2 potions of might
 B - 2 potions of degeneration {unknown}
 D - a potion of mutation {unknown}


   Skills:
 + Level 4.4 Fighting
 + Level 8.8(9.1) Short Blades
 - Level 3.1(6.4) Long Blades
 - Level 2.2 Dodging
 - Level 6.0 Stealth
 + Level 7.4 Spellcasting


You knew the following spells:

 Your Spells              Type           Power      Damage    Failure   Level
a - Necrotise             Necr           100%       1d9       1%          1
b - Ensorcelled Hibernat  Hex/Ice        54%        N/A       1%          2
c - Tukima's Dance        Hex            27%        N/A       2%          3
d - Ice Form              Ice/Tmut       27%        N/A       8%          4
Your spell library was empty.

Dungeon Overview and Level Annotations

Branches:
Dungeon (8/15)             Temple (1/1) D:7
   Lair: D:8-11

Altars:
Ashenzari
Dithmenos
Elyvilon
Fedhas
Gozag
Hepliaklqana
Nemelex Xobeh
Qazlal
Wu Jian
Xom

Shops:
D:5 [


Innate Abilities, Weirdness & Mutations

You are immune to sickness and miasma.
You are immune to poison.
Your flesh is very heat resistant. (rF++)
You are vulnerable to cold. (rC-)
You float through the air rather than walking.
You learn spells naturally, not from books.
Your magical power is your life essence.
You have superior vitality. (+4 MHP)


Message History

The orc priest hits you with a +0 hand axe.
Aiming: Ensorcelled Hibernation (safe; 1% risk of failure)
Aim: an orc priest, wielding a +0 hand axe (haloed, chance to affect: 58%)
The orc priest resists with significant effort.
The orc priest hits you from afar with a +0 trident.
The orc priest hits you but does no damage.
The orc warrior hits you but does no damage.
Aiming: Ensorcelled Hibernation (safe; 1% risk of failure)
Aim: an orc priest, wielding a +0 hand axe (haloed, chance to affect: 58%)
The orc priest resists with significant effort.
The orc priest closely misses you.
The orc warrior hits you with a +0 hand axe.
Aiming: Ensorcelled Hibernation (safe; 1% risk of failure)
Aim: an orc priest, wielding a +0 hand axe (haloed, chance to affect: 58%)
The orc priest looks drowsy...
The orc priest barely misses you.
The orc warrior hits you with a +0 hand axe.
The helpless orc priest fails to defend itself.
You perforate the orc priest like a sieve!!!
You kill the orc priest!
The orc hits you with a +0 club.
The orc priest hits you from afar with a +0 trident.
The orc warrior misses you.
Aiming: Ensorcelled Hibernation (safe; 1% risk of failure)
Aim: an orc warrior, wielding a +0 hand axe, wearing a +0 plate armour and quivering silver boomerangs (haloed, chance to affect: 58%)
Okay, then.
The orc warrior attacks as you move away!
The orc warrior closely misses you.
The orc priest invokes the aid of Beogh against you.
Beogh smites you!
* * * LOW HITPOINT WARNING * * *
The orc attacks as you move away! You block the orc's attack.
The orc warrior throws a silver boomerang.
The silver boomerang hits you but does no damage.
* * * LOW HITPOINT WARNING * * *
The orc attacks as you move away! The orc hits you but does no damage.
The orc attacks as you move away! The orc hits you but does no damage.
The orc priest mumbles some strange prayers to Beogh against you.
Beogh smites you!
You die...

##..#####............[.#####.
#....##.................# .
#......................##
..........................#
##..........................
#....................##.##..#
##..................# ###
.... #...###.........##.##
##.. #... #..##..@......#
###.. #####..o......# #..#
#...#....... #....
#..##....../ ##...###oo#
......# #.........# ##.....
...###..o## ..### #))## ?##
##..## ...##


You could see an orc warrior, an orc priest and 2 orcs.

Vanquished Creatures
  Joseph (D:8)
  Maggie (D:7)
  Prince Ribbit (D:5)
  Sigmund (D:6)
  8 yaks
  A wyvern (D:5)
  A steam dragon (D:7)
  Duvessa (D:7)
  A water moccasin (D:7)
  A black bear (D:5)
  An orc warrior (D:6)
  A sky beast (D:6)
  2 centaurs
  3 phantoms
  5 scorpions
  5 wights (D:7)
  Dowan (D:7)
  4 killer bees (D:6)
  A howler monkey (D:5)
  A gnoll bouda (D:5)
  6 orc priests
  3 hounds
  2 jellies
  An iguana (D:4)
  Natasha (D:2)
  6 orc wizards
  10 gnolls
  11 adders
  A white imp (D:5)
  2 ufetubi (D:6)
  The ghost of ragingrage the Sneak, a weakling DjDe (D:6)
  2 dart slugs
  37 orcs
  5 endoplasms
  3 giant cockroaches
  9 hobgoblins
  3 quokkas
  6 ball pythons
  4 bats
  2 frilled lizards
  16 goblins
  4 kobolds
  6 rats
182 creatures vanquished.

Vanquished Creatures (collateral kills)
  An orc wizard (D:6)
1 creature vanquished.

Grand Total: 183 creatures vanquished

Notes
Turn   | Place    | Note
-------+----------+-------------------------------------------
     0 | D:5      | ragingrage the Djinni Delver began the quest for the Orb.
     0 | D:5      | Reached XP level 1. HP: 20/20 MP: 0/0
     5 | D:4      | Noticed an iguana
    52 | D:3      | Noticed an orc wizard
   122 | D:2      | Reached XP level 2. HP: 24/25 MP: 0/0
   146 | D:2      | Reached XP level 3. HP: 18/30 MP: 0/0
   146 | D:2      | Learned a level 1 spell: Necrotise
   716 | D:1      | Reached XP level 4. HP: 37/37 MP: 0/0
   936 | D:2      | Noticed Natasha
   943 | D:2      | Killed Natasha
  1290 | D:2      | Reached XP level 5. HP: 41/41 MP: 0/0
  1290 | D:2      | Learned a level 2 spell: Ensorcelled Hibernation
  1458 | D:3      | Reached skill level 1 in Spellcasting
  1912 | D:3      | Reached skill level 1 in Short Blades
  2096 | D:3      | Reached XP level 6. HP: 39/48 MP: 0/0
  2953 | D:4      | Reached skill level 2 in Short Blades
  3147 | D:4      | Reached XP level 7. HP: 45/53 MP: 0/0
  3147 | D:4      | Learned a level 3 spell: Tukima's Dance
  3228 | D:4      | Found an opulent altar of Gozag.
  3295 | D:4      | Reached skill level 3 in Short Blades
  3892 | D:5      | Noticed a yak
  3892 | D:5      | Noticed a yak
  3963 | D:4      | Killed a yak
  3964 | D:4      | Reached skill level 4 in Short Blades
  3964 | D:4      | Reached XP level 8. HP: 14/58 MP: 0/0
  4672 | D:5      | Reached skill level 5 in Short Blades
  4695 | D:5      | Noticed a yak
  4697 | D:5      | Noticed a yak
  4727 | D:4      | Killed a yak
  4929 | D:5      | Found a shadowy altar of Dithmenos.
  4935 | D:5      | Noticed a wyvern
  4947 | D:5      | Killed a wyvern
  4948 | D:5      | Reached skill level 5 in Spellcasting
  4948 | D:5      | Reached XP level 9. HP: 62/63 MP: 0/0
  4948 | D:5      | Learned a level 4 spell: Ice Form
  5231 | D:5      | Reached skill level 6 in Short Blades
  5241 | D:5      | Reached skill level 5 in Stealth
  5277 | D:5      | Found Teumeiro's Armour Shoppe.
  5288 | D:5      | Bought a +1 helmet for 172 gold pieces
  5415 | D:5      | Noticed Prince Ribbit
  5419 | D:5      | Killed Prince Ribbit
  5431 | D:5      | Found a hazy altar of Hepliaklqana.
  5624 | D:6      | Noticed Sigmund
  5630 | D:6      | Killed Sigmund
  5651 | D:6      | Reached skill level 7 in Short Blades
  6068 | D:6      | Reached XP level 10. HP: 69/69 MP: 0/0
  6451 | D:6      | Found a runed translucent door.
  6454 | D:6      | Noticed ragingrage's ghost (weakling DjDe)
  6856 | D:6      | Killed ragingrage's ghost
  7012 | D:7      | Noticed Maggie
  7021 | D:7      | Killed Maggie
  7093 | D:7      | Noticed Duvessa
  7100 | D:7      | Noticed Dowan
  7121 | D:7      | Killed Duvessa
  7192 | D:7      | Killed Dowan
  7193 | D:7      | Reached skill level 8 in Short Blades
  7815 | D:7      | Found a staircase to the Ecumenical Temple.
  7825 | Temple   | Entered the Ecumenical Temple
  7860 | Temple   | Became a worshipper of Ashenzari the Shackled
  8039 | D:8      | Noticed Joseph
  8049 | D:8      | Killed Joseph
  8207 | D:8      | Killed from afar by an orc priest

Illustrated notes

Levels and vault maps discovered:
D:1:      lightli_arrival_maybe_door_vault, layout_basic, minmay_misc_feat_tower
D:2:      cheibrodos_greedy_goblins, layout_basic,
          chequers_serial_rivers_room_a, minmay_strange_pillars, uniq_natasha
D:3:      layout_loops_corners, hangedman_feature_mirror
D:4:      layout_loops_ring, grunt_gozag_statues
D:5:      layout_rooms, nicolae_sif_muna_condensation, grunt_dithmenos_shadows,
          nicolae_hepliaklqana_hippocampus, serial_shops,
          nicolae_shop_waterfront, hangedman_abyss_or_decor_lesser_grid,
          uniq_prince_ribbit1
D:6:      layout_loops_ring, ebering_ghost_reflecting_pool, uniq_sigmund
D:7:      layout_gridville, minmay_temple_entry_overgrown, uniq_duvessa,
          uniq_maggie
D:8:      layout_cave_pools, minmay_pinched_square, uniq_psyche, uniq_joseph
Temple:   nicolae_temple_hex_pool

Skill      XL: |  1  2  3  4  5  6  7  8  9 10 |
---------------+-------------------------------+-----
Long Blades    | 2 3 |  3.1
Fighting       | 4 |  4.4
Spellcasting   | 1 2 3 5 6 7 |  7.4
Short Blades   | 1 2 4 5 7 8 |  8.8
Stealth        | 5 6 |  6.0
Dodging        | |  2.2

Action                     |  1- 3 |  4- 6 |  7- 9 | 10-12 || total
---------------------------+-------+-------+-------+-------++-------
  Melee: Falchion          |    91 |    70 |       |       ||   161
         Punch             |     1 |       |       |       ||     1
         Dagger            |       |   150 |   251 |    82 ||   483
   Cast: Necrotise         |       |     1 |     6 |       ||     7
         Ensorcelled Hiber |       |       |    54 |    36 ||    90
         Tukima's Dance    |       |       |     1 |    14 ||    15
    Use: Scroll            |     2 |     2 |     4 |     1 ||     9
   Stab: Sleeping          |     5 |     1 |    21 |    17 ||    44
         Distracted        |       |       |       |     1 ||     1
 Armour: Ring mail         |    33 |       |       |       ||    33
         Leather armour    |    10 |    56 |    34 |    25 ||   125
  Dodge: Dodged            |    43 |    75 |   100 |    57 ||   275
  Block: Orb               |       |       |     3 |    20 ||    23
         Reflection        |       |       |       |     2 ||     2

Table legend: (Time is in decaauts)
 A = Elapsed time spent in this place.
 B = Non-inter-level travel time spent in this place.
 C = Inter-level travel time spent in this place.
 D = Time resting spent in this place.
 E = Time spent auto-exploring this place.
 F = Levels seen in this place.
 G = Mean time per level.
                   A        B        C        D        E       F      G
               +--------+--------+--------+--------+--------+-----+--------+
         Total |   8049 |   7724 |    325 |   1630 |   4533 |   9 |  894.3 |
       Dungeon |   8000 |   7698 |    302 |   1630 |   4513 |   8 | 1000.0 |
        Temple |     48 |     26 |     22 |      0 |     20 |   1 |   48.0 |
               +--------+--------+--------+--------+--------+-----+--------+

Top non-repeatable levels by time:
     D:4: 1755 daAuts
     D:6: 1361 daAuts
     D:5: 1235 daAuts
     D:3: 1134 daAuts
     D:7: 999 daAuts
     D:2: 770 daAuts
     D:1: 577 daAuts
     D:8: 167 daAuts
  Temple: 48 daAuts
